 Dungeon Crawl Stone Soup version 0.29-a0-841-g116ddc6ace (webtiles) character file.

Game seed: 2275232359662923018

1117 Hasart the Shooter (level 7, -3/59 HPs)
             Began as a Demigod Hunter on July 15, 2022.
             Slain by a black bear (6 damage)
             ... on level 4 of the Dungeon.
             The game lasted 00:05:45 (4445 turns).

Hasart the Shooter (Demigod Hunter)                 Turns: 4445, Time: 00:05:46

Health: -3/59      AC:  5    Str: 12    XL:     7   Next: 87%
Magic:  9/9        EV: 14    Int: 11    God:
Gold:   80         SH:  5    Dex: 25    Spells: 6/6 levels left

rFire   . . .      SeeInvis .   y - +0 sling
rCold   . . .      Faith    .   r - +0 buckler
rNeg    . . .      Spirit   .   c - +0 leather armour
rPois   .          Reflect  .   q - +0 helmet
rElec   .          Harm     .   p - +0 cloak
rCorr   .          Rampage  .   (no gloves)
Will    .....                   (no boots)
Stlth   +++.......              (no amulet)
HPRegen 0.19/turn               (no ring)
MPRegen 0.11/turn               (no ring)

@: no status effects
A: high MP 1, forlorn, divine attributes
a: no special abilities


You were on level 4 of the Dungeon.
You visited 1 branch of the dungeon, and saw 4 of its levels.
You also visited: Sewer.

You collected 160 gold pieces.
You spent 80 gold pieces at shops.

Inventory:

Hand Weapons
 a - a +0 shortbow
 y - a +0 sling (weapon)
Armour
 c - a +0 leather armour (worn)
 p - a +0 cloak (worn)
 q - a +0 helmet (worn)
 r - a +0 buckler (worn)
Scrolls
 b - 3 scrolls of immolation
 e - 2 scrolls of teleportation {unknown}
 i - 3 scrolls of brand weapon {unknown}
 j - 2 scrolls of noise {unknown}
 k - 2 scrolls of identify {unknown}
 n - a scroll of magic mapping {unknown}
 s - a scroll of vulnerability {unknown}
 A - a scroll of torment {unknown}
Potions
 d - a potion of attraction {unknown}
 f - 2 potions of lignification {unknown}
 g - a potion of magic {unknown}
 h - a potion of berserk rage {unknown}
 l - a potion of brilliance {unknown}
 m - a potion of mutation {unknown}
 o - a potion of degeneration {unknown}
 t - 3 potions of curing
 u - 2 potions of heal wounds
 v - a potion of resistance {unknown}
 w - a potion of invisibility {unknown}
 x - a potion of haste {unknown}
 z - a potion of might {unknown}


   Skills:
 + Level 4.1 Fighting
 * Level 6.6 Ranged Weapons
 + Level 4.2 Dodging
 + Level 4.1 Stealth
 + Level 1.0 Shields


You had 6 spell levels left.
You didn't know any spells.
Your spell library contained the following spells:

 Spells                   Type           Power      Damage    Failure   Level
 Apportation              Tloc           0%         N/A       54%         1


Dungeon Overview and Level Annotations

Branches:
Dungeon (4/15)              Sewer (visited)
 Temple: D:4-7

Shops:
D:2 ![


Innate Abilities, Weirdness & Mutations

You have an increased reservoir of magic. (+10% MP)
You shall have no god before yourself.
Your divine heritage dramatically boosts your attributes as you level up.


Message History

Unknown command.
Fire: y) +0 sling
Press: ? - help, Q - select action Shift-Dir - straight line, f/p - black bear
Aim: a black bear (severely wounded, 73% to hit)
You shoot a sling bullet. The sling bullet hits the black bear.
The black bear is almost dead.
The black bear barely misses you. The black bear claws you.
The black bear claws you but does no damage.
Unknown command.
Fire: y) +0 sling
Press: ? - help, Q - select action Shift-Dir - straight line, f/p - black bear
Aim: a black bear (almost dead, 73% to hit)
You shoot a sling bullet. The sling bullet hits the black bear.
The black bear is almost dead.
The black bear goes berserk!
Unknown command.
Fire: y) +0 sling
Press: ? - help, Q - select action Shift-Dir - straight line, f/p - black bear
Aim: a black bear (almost dead, berserk, 73% to hit)
You shoot a sling bullet.
The sling bullet closely misses the black bear.
The black bear closely misses you. The black bear claws you. x2
* * * LOW HITPOINT WARNING * * *
The black bear closely misses you. The black bear barely misses you.
The black bear misses you.
Unknown command.
Fire: y) +0 sling
Press: ? - help, Q - select action Shift-Dir - straight line, f/p - black bear
Aim: a black bear (almost dead, berserk, 73% to hit)
You shoot a sling bullet.
The sling bullet hits the black bear but does no damage.
The black bear is almost dead.
The black bear bites you!
* * * LOW HITPOINT WARNING * * *
The black bear claws you.
* * * LOW HITPOINT WARNING * * *
The black bear closely misses you. The black bear bites you.
* * * LOW HITPOINT WARNING * * *
The black bear barely misses you. The black bear claws you.
You die...

...# #...#.#####.#
#..#.## #.#
#..########.####...
#..# #....))......
#..# #.###.####...
#..# ##. #.####...
...# #...##........
#[.. #.....###...
#>..##@.# ### #h#.#
..#... #..#.###
#$.#.. #.## # #. ..


You could see a black bear (berserk).

Vanquished Creatures
  Sigmund (D:2)
  A yak (D:4)
  7 kobold brigands (Sewer)
  A scorpion (D:4)
  A centaur zombie (D:3)
  Jessica (D:2)
  12 adders
  A river rat (Sewer)
  3 worms
  4 dart slugs
  An orc (D:4)
  12 ball pythons
  9 endoplasms
  2 giant cockroaches (D:1)
  5 goblins
  A hobgoblin (D:2)
  2 quokkas (D:1)
  9 bats
  2 frilled lizards
  11 kobolds
  A quokka zombie (D:3)
  12 rats
99 creatures vanquished.

Vanquished Creatures (others)
  A fungus (D:1)
  A plant (D:1)
2 creatures vanquished.

Grand Total: 101 creatures vanquished

Notes
Turn   | Place    | Note
-------+----------+-------------------------------------------
     0 | D:1      | Hasart the Demigod Hunter began the quest for the Orb.
     0 | D:1      | Reached XP level 1. HP: 17/17 MP: 3/3
     9 | D:1      | Reached skill level 1 in Stealth
   200 | D:1      | Reached XP level 2. HP: 24/24 MP: 4/4
   216 | D:1      | Got Plato's Omnibus of Orientation
   427 | D:1      | Reached skill level 4 in Ranged Weapons
   724 | D:2      | Noticed Jessica
   731 | D:2      | Killed Jessica
   732 | D:2      | Reached XP level 3. HP: 26/29 MP: 5/5
  1012 | D:2      | Reached XP level 4. HP: 37/37 MP: 6/6
  1295 | D:2      | Found Guny's Distillery.
  1303 | D:2      | Bought a potion of curing for 30 gold pieces
  1303 | D:2      | Bought a potion of heal wounds for 50 gold pieces
  1306 | D:2      | Found Fonwuap's Armour Shop.
  1778 | D:2      | Noticed Sigmund
  1788 | D:2      | Killed Sigmund
  1789 | D:2      | Reached skill level 5 in Ranged Weapons
  1789 | D:2      | Reached XP level 5. HP: 21/45 MP: 7/7
  2033 | D:3      | Found a glowing drain.
  2135 | Sewer    | Entered a sewer
  2166 | Sewer    | Reached XP level 6. HP: 37/51 MP: 8/8
  2977 | Sewer    | Reached XP level 7. HP: 13/57 MP: 9/9
  3253 | Sewer    | Reached skill level 6 in Ranged Weapons
  4420 | D:4      | Noticed a yak
  4435 | D:4      | Killed a yak
  4436 | D:4      | Reached skill level 1 in Shields
  4445 | D:4      | Slain by a black bear

Illustrated notes

Levels and vault maps discovered:
D:1:      co_arrival_square_in_a_square_in_a_square, layout_loops_ring,
          shapermc_ecumenical_altar_rom_forum
D:2:      layout_loops_ring, serial_shops, nicolae_lakefront_shop, shop,
          uniq_sigmund, uniq_jessica
D:3:      layout_loops_corners, worldfamousw_hep_ancestral_shrine,
          lemuel_zombie_altar_yredelemnul, gup_sewer_entry_glass
D:4:      minmay_evil_eye, layout_loops_ring, mainiacjoe_overflow_cross_hatched,
          amcnicky_mini_corridor_feature

Skill      XL: |  1  2  3  4  5  6  7 |
---------------+----------------------+-----
Stealth        | 1 2 3 4 |  4.1
Dodging        | 2 3 4 |  4.2
Fighting       | 2 3 4 |  4.1
Ranged Weapons | 4 5 6 |  6.6
Shields        | 1 |  1.0

Action                   |  1- 3 |  4- 6 |  7- 9 || total
-------------------------+-------+-------+-------++-------
 Fire: Shortbow          |   105 |   182 |    50 ||   337
       Sling             |       |       |    40 ||    40
  Use: Potion            |       |     1 |       ||     1
Armor: Leather armour    |    30 |    28 |    10 ||    68
Dodge: Dodged            |    44 |    67 |    30 ||   141
Block: Buckler           |       |       |     6 ||     6

Table legend: (Time is in decaauts)
 A = Elapsed time spent in this place.
 B = Non-inter-level travel time spent in this place.
 C = Inter-level travel time spent in this place.
 D = Time resting spent in this place.
 E = Time spent auto-exploring this place.
 F = Levels seen in this place.
 G = Mean time per level.
                   A        B        C        D        E       F      G
               +--------+--------+--------+--------+--------+-----+--------+
         Total |   4709 |   4641 |     68 |    430 |   3442 |   5 |  941.8 |
       Dungeon |   3239 |   3171 |     68 |    230 |   2452 |   4 |  809.8 |
         Sewer |   1470 |   1470 |      0 |    200 |    990 |   1 | 1470.0 |
               +--------+--------+--------+--------+--------+-----+--------+

Top non-repeatable levels by time:
   Sewer: 1470 daAuts
     D:2: 1275 daAuts
     D:3: 1039 daAuts
     D:1: 741 daAuts
     D:4: 182 daAuts
